Map: Sludge City

Players

Monkey - Winner!

  • Race: Terran Terran
  • Spawn Location: 5:00

MarKizE - Winner!

  • Race: Terran Terran
  • League: Gold
  • Spawn Location: 5:00

SheVA

  • Race: Protoss Protoss
  • Spawn Location: 9:00

Gracz

  • Race: Terran Terran
  • Spawn Location: 11:00

VOD

Have the link to the VOD?

Description

Time

  • Played on: March 11, 2016, 10:31 a.m.
  • Length: 20:11
Show
View Real Time Build Order
Export as new Build Order

Monkey Terran - Winner!

Build Orders: Bio Tank 

Get SALT Encoding   

  12  0:09  SCV  
  13  0:16  Supply Depot  
  13  0:21  SCV  
  14  0:34  SCV  
  15  0:45  Barracks  
  15  0:46  SCV  
  16  0:57  Barracks  
  16  1:01  SCV  
  17  1:13  SCV  
  18  1:26  SCV  
  19  1:33  Supply Depot  
  19  1:34  Marine  
  19  1:39  Orbital Command  
  20  1:46  Refinery  
  20  1:47  Refinery  
  20  1:48  Marine  
  21  1:59  Marine  
  22  2:05  SCV  
  23  2:12  Marine  
  24  2:17  Marine  
  24  2:22  Command Center  
  25  2:25  SCV  
  25  2:29  Marine  
  26  2:36  Marine  
  28  2:38  SCV  
  29  2:49  Factory  
  29  2:50  Marine, SCV  
  31  2:57  Barracks Tech Lab  
  31  3:07  Supply Depot  
  31  3:08  Barracks Reactor, Engineering Bay  
  31  3:18  Stimpack  
  31  3:28  SCV  
  31  3:29  Marauder  
  31  3:32  Supply Depot  
  34  3:42  SCV x2  
  34  3:45  Factory Tech Lab  
  36  3:53  Starport  
  36  4:02  Orbital Command  
  36  4:08  Missile Turret  
  36  4:15  Siege Tank  
  39  4:22  SCV  
  40  4:28  SCV  
  40  4:30  Missile Turret  
  41  4:33  Marine  
  41  4:34  Marine, SCV, Marauder  
  41  4:36  Starport Reactor  
  46  4:43  Engineering Bay  
  46  4:54  Siege Tank  
  49  5:03  Barracks x2  
  49  5:04  SCV x2  
  51  5:09  Factory  
  51  5:16  SCV x2  
  51  5:18  Refinery x2  
  51  5:20  Marine x3  
  56  5:24  Medivac  
  58  5:28  SCV x2  
  60  5:37  Marine  
  61  5:44  SCV  
  61  5:45  SCV  
  63  5:55  Barracks Tech Lab, Barracks Reactor  
  63  5:56  SCV  
  63  5:57  Factory Tech Lab  
  64  6:01  Command Center  
  64  6:08  SCV  
  64  6:09  SCV  
  66  6:16  Medivac x2  
  70  6:32  Terran Infantry Armor Level 1  
  70  6:33  Terran Infantry Weapons Level 1  
  70  6:34  Combat Shields  
  70  7:13  SCV x2  
  72  7:25  SCV  
  58  8:05  Marine x2, Marauder  
  60  8:07  Orbital Command  
  60  8:09  SCV x2  
  60  8:12  Marine x2, Marauder  
  67  8:15  Siege Tank x2  
  67  8:17  Medivac x2  
  78  8:21  SCV x2  
  78  8:23  Concussive Shells, Marine, Armory x2  
  78  8:26  Marauder  
  83  8:32  Marine x2  
  85  8:45  Supply Depot x2  
  85  8:46  Supply Depot x2  
  85  8:58  Supply Depot  
  85  9:00  Supply Depot x2  
  85  9:04  Refinery x2  
  85  9:06  Marine, Medivac x2  
  85  9:07  Marauder x2  
  94  9:21  Siege Tank x2  
  94  9:22  Marine x3  
  103  9:24  Marine  
  103  9:28  Marauder  
  103  9:29  Command Center, Marauder  
  108  9:35  Command Center  
  108  9:36  Medivac  
  108  9:38  Barracks x2  
  110  9:39  Barracks  
  110  9:40  Barracks, Marine x3  
  110  9:42  Marine  
  110  9:43  Terran Vehicle And Ship Armor Level 1  
  110  9:44  Terran Vehicle Weapons Level 1  
  114  9:46  Factory, Supply Depot, Starport, Terran Infantry Weapons Level 2  
  114  9:47  Supply Depot  
  114  9:48  SCV  
  114  9:49  Marine, SCV x2  
  114  9:50  Marauder  
  120  9:57  Marine  
  120  9:58  Marine  
  122  10:05  Marine x2  
  124  10:08  Marauder  
  124  10:11  Marauder  
  128  10:15  Marine  
  129  10:29  Marauder  
  129  10:32  Factory Tech Lab, Marauder  
  129  10:34  Starport Reactor  
  133  10:37  Siege Tank x2  
  133  10:40  SCV  
  133  10:41  SCV x2  
  142  10:43  Refinery, Orbital Command  
  142  10:44  Refinery  
  142  10:48  Refinery  
  142  10:50  Barracks Reactor x4  
  142  10:51  Marauder  
  142  10:52  Siege Tank, SCV  
  148  10:58  Medivac x2  
  148  10:59  SCV x3  
  155  11:08  Terran Infantry Armor Level 2  
  155  11:09  Siege Tank  
  158  11:14  Supply Depot  
  158  11:15  Supply Depot  
  158  11:24  SCV x3  
  158  11:25  Orbital Command  
  161  11:39  Marine  
  165  11:40  Marine x7, Marauder x2  
  165  11:41  Marine x4  
  165  11:42  Siege Tank  
  165  11:45  Viking  
  182  11:49  Viking  
  182  11:52  Refinery  
  184  11:54  Viking  
  184  11:57  Viking  
  188  12:09  Terran Infantry Weapons Level 3  
  188  12:10  Terran Vehicle Weapons Level 2  
  188  12:12  Terran Vehicle And Ship Armor Level 2  
  188  12:18  Viking  
  188  12:19  Viking  
  192  12:24  Viking  
  157  13:33  Marine, Marauder  
  157  13:34  Marine x6, Marauder  
  162  13:35  Marine x5  
  162  13:37  Medivac x3  
  162  13:38  Medivac  
  162  13:39  Siege Tank x2  
  162  13:40  Siege Tank  
  190  13:55  Marauder x2  
  185  14:07  Medivac  
  167  14:11  Siege Tank  
  167  14:12  Cyclone x2  
  166  14:39  Marine x3, Marauder x2  
  166  14:40  Marine x6  
  166  14:41  Marine x3  
  166  14:43  Cyclone  
  166  14:44  Cyclone x2  
  166  14:45  Viking x4  
  199  14:54  SCV  
  200  15:09  Mag-Field Accelerator  
  200  15:12  Terran Vehicle Weapons Level 3  
  200  15:13  Terran Vehicle And Ship Armor Level 3  
  200  15:14  Terran Infantry Armor Level 3  
  200  15:23  Command Center  
  197  16:02  Marauder  
  199  16:12  Missile Turret  
  199  16:13  Missile Turret x2  
  199  16:17  Missile Turret  
  199  16:19  Missile Turret  
  199  16:35  Orbital Command  
  199  16:36  Refinery  
Show
View Real Time Build Order
Export as new Build Order

MarKizE Terran - Winner!

Build Orders: MMM Bio 

Get SALT Encoding   

  12  0:02  SCV  
  13  0:16  SCV  
  14  0:21  Supply Depot  
  15  0:28  SCV  
  15  0:41  Refinery  
  15  0:43  SCV  
  15  0:45  Barracks  
  16  0:56  SCV  
  17  1:09  SCV  
  18  1:16  Supply Depot  
  18  1:27  Refinery, SCV  
  19  1:33  Marine  
  19  1:39  SCV  
  21  1:45  Factory  
  21  2:15  Barracks  
  21  2:20  Barracks Tech Lab  
  21  2:38  Starport  
  21  2:41  Marine  
  21  2:42  Stimpack  
  22  2:45  SCV  
  23  2:53  Supply Depot  
  23  2:57  SCV  
  24  2:59  Marine  
  24  3:01  Marine  
  26  3:11  Engineering Bay  
  26  3:17  Marine  
  26  3:19  Medivac, Marine  
  30  3:35  Marine  
  30  3:37  Marine  
  30  3:40  Missile Turret  
  32  3:42  Missile Turret  
  32  3:56  Marine x2  
  34  4:14  Marine  
  35  4:24  Command Center  
  35  4:25  Marine  
  29  5:28  Marine  
  29  5:29  Marine  
  29  5:31  Terran Infantry Weapons Level 1  
  31  5:36  Orbital Command  
  31  5:40  Missile Turret  
  31  5:46  Marine x2  
  31  5:47  Combat Shields  
  33  5:53  Barracks  
  33  5:54  Barracks  
  33  6:04  Marine x2  
  35  6:14  SCV  
  35  6:18  Medivac  
  38  6:21  SCV  
  39  6:27  SCV  
  40  6:33  SCV  
  40  6:39  SCV  
  41  6:45  SCV  
  42  6:48  Medivac  
  42  6:51  SCV  
  44  7:16  Marine x3  
  44  7:17  Reaper  
  48  7:26  Terran Infantry Armor Level 1  
  48  7:34  Marine x3  
  51  7:49  Marine  
  52  7:52  Marine x2  
  52  7:55  Marine  
  52  8:06  Liberator  
  52  8:07  Marine  
  52  8:10  Marine  
  54  8:23  Marine x2  
  54  8:24  Marine  
  54  8:25  Supply Depot  
  54  8:26  Supply Depot  
  56  8:28  Supply Depot x2  
  57  8:39  Armory  
  59  8:42  Barracks Tech Lab, Engineering Bay  
  59  8:44  Barracks Reactor  
  59  8:46  Barracks Reactor  
  56  8:48  Liberator  
  56  9:24  Concussive Shells  
  56  9:25  Marine x2  
  56  9:26  Marine x2, Starport, Marauder x2  
  56  9:27  Starport  
  64  9:33  Refinery x2  
  64  9:35  Terran Infantry Weapons Level 2  
  64  9:36  Terran Infantry Armor Level 2  
  64  9:40  Command Center  
  64  9:43  Marine  
  65  9:47  Marine x3, Marauder  
  65  9:48  Marauder  
  65  9:51  Missile Turret  
  65  9:52  Missile Turret  
  72  10:01  Marine  
  72  10:05  Marine x2  
  75  10:09  Marauder x2  
  75  10:13  Terran Ship Weapons Level 1  
  79  10:17  Viking x3  
  85  10:22  Marine  
  86  10:30  Marauder  
  86  10:31  Marauder  
  90  10:46  Viking, Orbital Command  
  90  10:47  Viking  
  94  10:51  Medivac, Marauder  
  94  10:52  Marauder  
  100  11:11  Missile Turret  
  100  11:12  Missile Turret  
  100  11:33  Missile Turret  
  87  12:04  Starport Tech Lab x2  
  87  12:05  Armory  
  87  12:07  Fusion Core  
  87  12:11  Starport Tech Lab  
  41  13:20  Battlecruiser x3  
  41  13:25  Terran Vehicle And Ship Armor Level 1  
  47  13:28  Terran Ship Weapons Level 2  
  47  13:34  SCV  
  48  13:46  SCV  
  49  13:49  Refinery  
  49  13:51  Refinery  
  49  13:58  SCV  
  50  14:09  Weapon Refit  
  56  14:24  Battlecruiser  
  56  14:30  Battlecruiser  
  62  14:48  Command Center  
  62  14:52  Behemoth Reactor  
  62  15:00  Battlecruiser  
  68  15:09  SCV  
  69  15:19  Refinery  
  69  15:21  SCV  
  69  15:24  Refinery  
  69  15:28  Command Center  
  70  15:29  Battlecruiser  
  70  15:33  SCV  
  77  15:41  Terran Vehicle And Ship Armor Level 2  
  77  16:13  Battlecruiser  
  77  16:17  Refinery  
  83  16:21  Refinery  
  83  16:32  Battlecruiser  
  89  16:53  Battlecruiser  
  95  17:55  Battlecruiser x2  
  95  17:58  Battlecruiser  
Show
View Real Time Build Order
Export as new Build Order

SheVA Protoss 

Build Orders:  

Get SALT Encoding   

  12  0:02  Probe (Chrono Boost)  
  13  0:12  Probe (Chrono Boost)  
  14  0:18  Pylon  
  14  0:23  Probe (Chrono Boost)  
  15  0:41  Gateway  
  15  0:45  Forge  
  15  0:52  Probe (Chrono Boost)  
  16  1:02  Probe (Chrono Boost)  
  17  1:04  Assimilator  
  17  1:13  Probe (Chrono Boost)  
  18  1:29  Probe (Chrono Boost)  
  19  1:34  Cybernetics Core  
  19  1:43  Pylon  
  19  1:47  Probe (Chrono Boost)  
  20  2:05  Nexus  
  20  2:17  Nexus  
  20  2:26  Assimilator  
  20  2:29  Probe (Chrono Boost)  
  21  2:39  Probe (Chrono Boost)  
  22  2:50  Probe (Chrono Boost)  
  23  3:02  Warp Gate (Chrono Boost)  
  23  3:15  Pylon  
  23  3:17  Probe  
  24  3:23  Probe  
  25  3:27  Probe  
  25  3:29  Mothership Core  
  25  3:34  Adept, Probe  
  30  3:40  Pylon  
  31  3:42  Assimilator  
  31  3:46  Probe  
  31  3:47  Probe  
  32  3:48  Stargate  
  32  3:50  Probe  
  34  3:57  Probe  
  35  4:04  Probe  
  35  4:05  Probe  
  35  4:08  Probe, Photon Cannon  
  38  4:14  Gateway  
  38  4:17  Probe  
  38  4:18  Gateway, Probe  
  38  4:19  Probe  
  41  4:29  Probe x2  
  43  4:32  Twilight Council  
  43  4:33  Probe  
  43  4:35  Pylon  
  44  4:41  Probe  
  44  4:42  Probe, Photon Cannon  
  44  4:44  Probe  
  45  4:48  Adept  
  45  5:17  Resonating Glaives  
  45  5:19  Gateway  
  45  5:21  Void Ray (Chrono Boost)  
  47  5:27  Probe x2  
  47  5:28  Probe  
  47  5:32  Protoss Ground Weapons Level 1  
  47  5:34  Assimilator  
  50  5:35  Assimilator  
  50  5:37  Probe  
  50  5:38  Pylon, Probe  
  50  5:40  Probe  
  50  5:41  Pylon  
  55  5:48  Assimilator, Probe  
  54  5:50  Pylon  
  54  5:52  Gateway  
  54  5:59  Probe  
  54  6:00  Probe  
  56  6:26  Dark Shrine  
  56  6:30  Stargate  
  56  6:32  Void Ray (Chrono Boost)  
  60  6:37  Pylon  
  58  6:42  Adept x3  
  62  6:47  Mothership Core  
  62  6:52  Probe  
  62  6:53  Pylon, Probe  
  65  7:04  Probe  
  65  7:05  Probe  
  59  7:08  Adept x2  
  59  7:09  Adept x2  
  67  7:30  Void Ray (Chrono Boost)  
  67  7:36  Void Ray (Chrono Boost)  
  69  7:37  Adept x3  
  69  7:38  Adept  
  73  7:59  Adept x4  
  73  8:02  Probe x3  
  84  8:12  Void Ray (Chrono Boost)  
  92  8:13  Protoss Air Weapons Level 1  
  92  8:15  Void Ray (Chrono Boost)  
  92  8:21  Gateway  
  92  8:22  Gateway  
  92  8:27  Probe x3  
  92  8:32  Photon Cannon  
  95  8:34  Photon Cannon  
  95  8:39  Probe  
  96  8:47  Probe x2  
  98  8:50  Dark Templar x3  
  98  8:51  Probe  
  105  8:59  Sentry x2  
  109  9:10  Assimilator  
  109  9:12  Pylon  
  109  9:26  Robotics Facility  
  109  9:30  Probe x3  
  116  9:36  Void Ray (Chrono Boost)  
  116  9:42  Probe  
  117  9:50  Pylon  
  117  9:52  Pylon  
  117  9:56  Pylon  
  117  10:03  Nexus  
  117  10:04  Pylon  
  117  10:07  Pylon  
  117  10:08  Probe x3  
  117  10:09  Stalker x2  
  117  10:11  Assimilator  
  124  10:15  Assimilator, Protoss Ground Armor Level 1  
  124  10:17  Pylon  
  124  10:20  Probe x2  
  134  10:28  Void Ray (Chrono Boost)  
  134  10:34  Immortal, Void Ray (Chrono Boost)  
  138  10:40  Blink  
  138  10:44  Probe  
  138  10:45  Probe x2  
  141  10:52  Protoss Air Armor Level 1  
  141  10:57  Probe  
  142  11:04  Gateway  
  142  11:05  Phoenix (Chrono Boost)  
  147  11:11  Probe x3  
  147  11:14  Phoenix (Chrono Boost)  
  147  11:17  Cybernetics Core  
  149  11:23  Probe x2  
  151  11:28  Immortal  
  155  11:35  Templar Archives  
  155  11:37  Probe x3  
  158  11:45  Probe  
  150  11:49  Probe x2  
  150  11:50  Stalker x2  
  150  11:51  Stalker  
  159  12:07  Immortal  
  163  12:09  Adept x2  
  163  12:10  Adept x3  
  173  12:22  Gateway  
  173  12:25  Robotics Bay  
  173  12:27  Robotics Facility  
  173  12:38  Nexus  
  173  12:39  Pylon  
  173  12:42  Pylon  
  162  12:44  Assimilator  
  162  12:52  Stalker x2  
  162  13:04  Probe  
  162  13:05  Probe x2  
  165  13:08  Assimilator  
  119  13:18  Adept x2  
  119  13:19  Adept x4  
  107  13:20  Adept x2  
  86  13:40  Pylon  
  86  13:44  Adept  
  86  13:45  Adept x6  
  86  13:46  Adept  
  75  14:14  Dark Templar x5  
  75  14:15  Dark Templar x3  
  51  14:50  Adept x3  
  51  14:51  Adept x4  
  51  14:52  Adept  
  67  15:05  Nexus  
  67  15:10  Pylon  
  67  15:11  Pylon  
  67  15:12  Assimilator  
  67  15:14  Assimilator  
  67  15:16  High Templar x3  
  67  15:17  High Templar x3  
  67  15:20  Psionic Storm  
  79  15:21  Stalker x2  
  83  15:47  Stalker x2  
  87  15:50  Sentry  
  87  15:51  Sentry x2  
  93  16:17  Nexus  
  93  16:22  Mothership Core  
  95  16:28  High Templar  
  95  16:30  High Templar  
  99  16:54  Dark Templar  
  99  16:55  Dark Templar  
  91  17:09  Archon  
  91  17:10  Archon  
  91  17:13  Stalker x2  
Show
View Real Time Build Order
Export as new Build Order

Gracz Terran 

Build Orders:  

Get SALT Encoding   

  12  0:03  SCV  
  13  0:15  SCV  
  14  0:21  Refinery  
  14  0:28  SCV  
  15  0:34  Supply Depot  
  15  0:55  SCV  
  16  0:59  Supply Depot  
  16  1:05  Barracks  
  16  1:07  SCV  
  17  1:16  Engineering Bay  
  17  1:20  SCV  
  17  1:25  Refinery  
  18  1:42  SCV  
  19  1:55  SCV  
  19  1:58  Barracks Reactor  
  20  2:01  Barracks  
  20  2:05  Barracks  
  20  2:15  Orbital Command  
  20  2:25  Building Armor  
  20  2:37  Reaper x2  
  22  3:02  Barracks  
  22  3:25  Barracks Reactor  
  22  3:31  SCV  
  23  3:35  Command Center  
  23  3:39  Barracks Reactor  
  23  3:42  Refinery  
  23  3:44  SCV  
  23  3:47  Refinery  
  24  4:03  SCV  
  24  4:06  Terran Infantry Weapons Level 1  
  25  4:10  Factory  
  25  4:15  SCV  
  26  4:23  Barracks  
  26  4:24  Barracks Reactor  
  26  4:32  SCV  
  27  4:44  SCV  
  28  4:56  SCV  
  27  5:10  Orbital Command  
  27  5:14  Barracks, Barracks Reactor  
  27  5:16  Marine x5  
  27  5:17  Marine x2  
  34  5:40  Factory Tech Lab  
  34  5:45  Barracks  
  34  5:49  Reaper x3  
  38  5:50  Reaper x2  
  38  5:52  SCV  
  40  6:09  SCV  
  40  6:10  SCV  
  42  6:13  Terran Infantry Armor Level 1  
  42  6:15  Siege Tank  
  45  6:18  Barracks Reactor  
  45  6:22  SCV  
  46  6:26  Armory  
  46  6:39  Supply Depot  
  46  6:41  Supply Depot  
  46  6:47  Reaper  
  46  6:59  Barracks Tech Lab  
  46  7:01  Marine x2, Reaper x3  
  39  7:19  Reaper x4  
  39  7:20  Marine x3, Reaper x3  
  44  7:30  Cyclone  
  44  7:33  Marine x2  
  46  7:38  Marine x3  
  46  7:40  Marine  
  47  7:51  Marine x2, Reaper x4  
  48  7:52  Reaper x2  
  48  7:56  Reaper x2  
  48  7:57  Marine  
  52  8:14  Supply Depot  
  52  8:16  Reaper  
  52  8:18  SCV  
  51  8:30  SCV  
  52  8:41  Barracks Tech Lab  
  52  8:43  SCV  
  52  8:48  Barracks Reactor  
  53  8:55  SCV  
  53  9:19  Factory Tech Lab  
  53  9:21  SCV  
  54  9:33  SCV  
  54  9:35  Starport  
  54  9:36  Marine  
  54  9:37  Marine x12  
  68  9:54  Marine x2  
  70  10:11  Supply Depot  
  70  10:19  Starport Tech Lab  
  70  10:22  Starport  
  70  10:27  Sensor Tower  
  70  10:32  Marine x8  
  70  10:33  Supply Depot  
  78  10:45  Armory  
  78  10:51  Engineering Bay  
  78  10:54  Cyclone, Marine x5  
  86  11:01  Supply Depot  
  86  11:18  Supply Depot  
  86  11:22  Marine x8  
  94  11:32  Supply Depot  
  94  11:40  Marine x8  
  94  11:41  Supply Depot  
  102  11:53  Marine x3, Reaper x2  
  102  11:54  Supply Depot  
  107  11:57  Marine  
  107  11:58  Reaper x2  
  107  11:59  Starport Tech Lab  
  110  12:01  Cloaking Field  
  110  12:02  Marine x2, Starport, Reaper  
  110  12:03  Supply Depot  
  110  12:06  Fusion Core  
  113  12:15  Marine  
  113  12:16  Supply Depot  
  113  12:20  Marine x2  
  116  12:28  Supply Depot  
  116  12:39  Supply Depot  
  116  12:51  Supply Depot  
  98  13:02  Supply Depot  
  71  13:12  Marine x13  
  41  13:13  Supply Depot  
  47  13:25  Supply Depot  
  47  13:29  Marine  
  47  13:30  Marine x12  
  60  13:35  Supply Depot  
  60  13:43  Banshee  
  60  13:44  Banshee  
  60  13:47  Marine  
  67  13:52  Starport Tech Lab  
  67  13:58  Supply Depot, Starport  
  67  14:21  Combat Shields, Supply Depot  
  67  14:42  Banshee  
  67  14:43  Supply Depot  
  70  15:06  Supply Depot  
  70  15:29  Supply Depot  
  34  16:22  Orbital Command  
  34  17:00  Marine  
  34  17:01  Marine x7  
  38  17:17  Refinery  
  24  18:27  Supply Depot  
  24  18:29  Supply Depot  
  24  18:33  Supply Depot  
  24  18:35  Supply Depot  
  24  18:37  Supply Depot x2  
  24  18:41  Supply Depot  
  24  18:44  Orbital Command  
  22  18:58  Supply Depot  
  22  19:21  Refinery  
  22  19:28  SCV  
  23  19:40  SCV  
  24  19:46  Marine  
  24  19:47  Marine x4  
  24  19:49  Marine  
  24  19:50  Marine  
  24  19:52  SCV  
Tags
 
Add a new tag
Caveats
  • Supply blocks, unpowered buildings, or Contaminate may cause inaccurate times.
  • Supply counts are checked every 10 seconds.